 Dungeon Crawl Stone Soup version 0.28.0-53-g5a82cb258f (webtiles) character file.

Game seed: 16404395983398040470

103 cbfl8 the Chopper (level 4, 0/41 HPs)
             Began as a Minotaur Berserker on Sept 7, 2022.
             Was a Believer of Trog.
             Slain by a gnoll
             ... wielding a +0 halberd
              (1 damage)
             ... on level 2 of the Dungeon.
             The game lasted 00:01:16 (1639 turns).

cbfl8 the Chopper (Minotaur Berserker)              Turns: 1639, Time: 00:01:17

Health: 0/41       AC:  6    Str: 22    XL:     4   Next: 51%
Magic:  3/3        EV: 10    Int:  4    God:    Trog [**....]
Gold:   71         SH:  0    Dex: 11    Spells: 3/3 levels left

rFire   . . .      SeeInvis .   a - +0 hand axe
rCold   . . .      Faith    .   (no shield)
rNeg    . . .      Spirit   .   f - +0 scale mail
rPois   .          Reflect  .   (helmet restricted)
rElec   .          Harm     .   (no cloak)
rCorr   .          Rampage  .   (no gloves)
Will    .....                   (no boots)
Stlth   ..........              (no amulet)
HPRegen 0.13/turn               (no ring)
MPRegen 0.08/turn               (no ring)

@: on berserk cooldown, slowed, very slow
A: horns 2, retaliatory headbutt
a: Renounce Religion, Berserk, Trog's Hand


You were on level 2 of the Dungeon.
You worshipped Trog.
Trog was pleased with you.
You visited 1 branch of the dungeon, and saw 2 of its levels.

You collected 71 gold pieces.

Inventory:

Hand Weapons
 a - a +0 hand axe (weapon)
Armour
 f - a +0 scale mail (worn)
Scrolls
 d - a scroll of magic mapping {unknown}
 e - a scroll of blinking {unknown}
 h - a scroll of amnesia {unknown}
Potions
 b - a potion of magic {unknown}
 c - a potion of resistance {unknown}
 g - 2 potions of heal wounds {unknown}


   Skills:
 * Level 4.5 Fighting
 * Level 5.1 Axes
 + Level 3.0 Armour
 * Level 2.5 Dodging
 * Level 0.8 Evocations


You had 3 spell levels left.
You didn't know any spells.
Your spell library was empty.

Dungeon Overview and Level Annotations

Branches:
Dungeon (2/15)

Altars:
Wu Jian


Innate Abilities, Weirdness & Mutations

You have a pair of horns on your head.
You reflexively headbutt those who attack you in melee.


Message History

You slash the gnoll!
You kill the gnoll!
Trog accepts your kill.
Unknown command.
You closely miss the gnoll. You headbutt the gnoll!
The gnoll is almost dead.
Unknown command.
Unknown command.
You hit the gnoll.
You kill the gnoll!
Trog accepts your kill.
Your Axes skill increases to level 5!
Unknown command.
The gnoll hits you with a +0 whip.
Things that are here:
a +0 club; a +0 spear Unknown command.
You slash the gnoll!
You kill the gnoll!
Trog accepts your kill.
The gnoll hits you from afar with a +0 halberd.
Your Armour skill increases to level 3!
Unknown command.
You are no longer berserk.
You are exhausted.
You feel yourself slow down. The gnoll hits you with a +0 halberd!
* * * LOW HITPOINT WARNING * * *
You see here a +0 whip.
Unknown command.
You are too injured to fight recklessly!
Unknown command.
You are too injured to fight recklessly!
Unknown command.
You are too injured to fight recklessly!
You barely miss the gnoll. The gnoll hits you with a +0 halberd.
* * * LOW HITPOINT WARNING * * *
You hit the gnoll but do no damage. The gnoll hits you with a +0 halberd!
* * * LOW HITPOINT WARNING * * *
The gnoll hits you with a +0 halberd.
You die...

#...........###
......>^...#..
#^..^....^#..
#^^.....##.# ######
#..†.†# #.##
####.....
#...####..###.....###
#.......#.........#
####)##..<##..._..#
#@###.###......# #g#
#.# #......# #w# #.#
#...#### ... #.#
##### ... #.#
.......# .....###
##...##


You could see a gnoll and a dart slug.

Vanquished Creatures
  3 gnolls (D:2)
  2 adders (D:2)
  4 worms (D:2)
  3 ball pythons
  7 endoplasms
  3 giant cockroaches
  4 hobgoblins (D:1)
  3 jackals (D:1)
  3 kobolds
  A quokka (D:1)
  6 bats
  2 goblins (D:1)
  4 rats (D:1)
45 creatures vanquished.

Notes
Turn   | Place    | Note
-------+----------+-------------------------------------------
     0 | D:1      | cbfl8 the Minotaur Berserker began the quest for the Orb.
     0 | D:1      | Reached XP level 1. HP: 19/19 MP: 0/0
   144 | D:1      | Found a faded altar of an unknown god.
   389 | D:1      | Reached skill level 4 in Axes
   439 | D:1      | Reached XP level 2. HP: 27/27 MP: 1/1
   671 | D:1      | Reached XP level 3. HP: 33/33 MP: 2/2
   725 | D:1      | Reached ** piety under Trog
  1591 | D:2      | Found an ornate altar of the Wu Jian Council.
  1630 | D:2      | Reached XP level 4. HP: 41/41 MP: 3/3
  1635 | D:2      | Reached skill level 5 in Axes
  1639 | D:2      | HP: 1/41 [gnoll/+0 halberd (9)]
  1639 | D:2      | Slain by a gnoll

Illustrated notes

Levels and vault maps discovered:
D:1:      dpeg_arrival_castle, layout_basic, chequers_ecumenical_altar_simple
D:2:      layout_loops_ring, basic_altar, nicolae_wormholes

Skill      XL: |  1  2  3  4 |
---------------+-------------+-----
Axes           | 4 5 |  5.1
Fighting       | 4 |  4.5
Armour         | 3 |  3.0
Dodging        | |  2.5
Evocations     | |  0.8

Action                   |  1- 3 |  4- 6 || total
-------------------------+-------+-------++-------
Melee: Hand axe          |    90 |     7 ||    97
       Headbutt          |    13 |     2 ||    15
Invok: Berserk           |     1 |       ||     1
Armor: Scale mail        |    29 |       ||    29
       Animal skin       |     3 |       ||     3
Dodge: Dodged            |    47 |       ||    47
